 Dungeon Crawl Stone Soup version 0.31-a0-369-g8eba5f6939 (webtiles) character file.

Game seed: 1390698590418495787

34 arthad the Covered (level 3, -5/24 HPs)
             Began as a Gargoyle Fighter on July 28, 2023.
             Engulfed by a cloud of flame (21 damage)
             ... on level 2 of the Dungeon.
             The game lasted 00:02:26 (585 turns).

arthad the Covered (Gargoyle Fighter)                Turns: 585, Time: 00:02:26

Health: -5/24      AC: 11    Str: 20 (21) XL:     3   Next: 31%
Magic:  3/3        EV:  9    Int:  7 (8)  God:
Gold:   41         SH:  8    Dex:  6 (9)  Spells: 2/2 levels left

rFire   . . .        a - +0 flail
rCold   . . .        c - +0 buckler
rNeg    + . .        b - +0 scale mail
rPois   ∞            (no helmet)
rElec   +            (no cloak)
rCorr   .            e - +0 pair of gloves
SInv    .            (no boots)
Will    .....        (no amulet) Stlth
                     (no ring)
HPRegen 1.04/turn    (no ring)
MPRegen 0.08/turn

%: no passive effects
@: mighty
A: sickness immunity, AC +3, negative energy resistance 1, electricity
resistance, torment resistance 1, petrification resistance, large bone plates 1,
regeneration 1
a: no special abilities


You were on level 2 of the Dungeon.
You visited 1 branch of the dungeon, and saw 2 of its levels.

You collected 41 gold pieces.

Inventory:

Hand Weapons
 a - a +0 flail (weapon)
Armour
 b - a +0 scale mail (worn)
 c - a +0 buckler (worn)
 e - a +0 pair of gloves (worn)


   Skills:
 + Level 3.6 Fighting
 + Level 2.5 Maces & Flails
 + Level 3.7 Armour
 + Level 3.6 Shields


You had 2 spell levels left.
You didn't know any spells.
Your spell library was empty.

Dungeon Overview and Level Annotations

Branches:
Dungeon (2/15)

Altars:

Shops:
D:1 (*

Annotations:
D:2 Jessica


Innate Abilities, Weirdness & Mutations

You are immune to sickness and miasma.
Your stone body is resilient. (AC +3)
You are immune to poison.
You resist negative energy. (rN+)
You are resistant to electric shocks. (rElec)
You are resistant to unholy torment.
You are immune to petrification.
You are partially covered in large bone plates. (SH +4)
Your natural rate of healing is unusually fast.


Message History

A frilled lizard comes into view.
You block the frilled lizard's attack. The frilled lizard misses you.
Jessica casts a spell.
Jessica seems to speed up.
The frilled lizard bites you but does no damage.
You miss the frilled lizard.
Jessica gestures wildly while chanting.
Jessica blinks!
You block the frilled lizard's attack. The frilled lizard closely misses you.
You hit the frilled lizard.
You kill the frilled lizard!
You block the frilled lizard's attack.
Jessica shouts, "Stop bothering me, or I'll kill you!"
You see here a frilled lizard corpse.
The frilled lizard bites you.
You aren't carrying any scrolls.
It was a potion of mutation.
You feel extremely strange.
Large bone plates grow over parts of your arms.
You begin to heal more quickly.
Jessica casts a spell.
Jessica blinks!
The frilled lizard bites you but does no damage.
It was a potion of degeneration.
There was something very wrong with that liquid.
You feel weakened.
You feel dopey.
You feel clumsy. You block the frilled lizard's attack.
You feel very mighty all of a sudden. You block the frilled lizard's attack.
You miss the frilled lizard.
The frilled lizard unfolds its giant frill.
You block the frilled lizard's attack. The frilled lizard closely misses you.
You sock the frilled lizard!
The frilled lizard explodes!
The fiery explosion engulfs you!
The fiery explosion engulfs the ball python!!
You kill the ball python!
You are engulfed in blazing flames.
Ouch! That really hurt!
You die...

*,* ###############,*
###############,*
###########...$,* ************
###########.###** ,,,,,,,,,,,*
###########.##.,, ,,,,,,,,,,,*
#####.....#.##.**
,,,,,,,,,..##########.##†...)#.**
,,,,,,,,,.......@§§Kw@.<.......,,
,,,,,,,,,...#########.#..#.#.#.**
,,,,,,,,,,,,** *#####.#.#..#.#.*
,,,,,,,,,,,,,* *......#/.......**
,,,,,,,,,,,*,***......###......,,
,,,,,,,,,,,*,,,*............w.#**
,,,,,,,,,,,*,,,*......##..K...#
,,,,,,,,,,,*,,,*......##......#
**************,*,,,,,,**,,,,,,*


You could see a worm (inner flame), Jessica (fast, inner flame) and a kobold.

Vanquished Creatures
  An adder (D:2)
  A dart slug (D:1)
  2 endoplasms (D:1)
  A giant cockroach (D:1)
  3 hobgoblins (D:1)
  A quokka (D:1)
  A ball python (D:2)
  2 bats (D:1)
  4 frilled lizards
  3 goblins (D:1)
  5 kobolds (D:1)
  3 rats (D:1)
27 creatures vanquished.

Notes
Turn   | Place    | Note
-------+----------+-------------------------------------------
     0 | D:1      | arthad the Gargoyle Fighter began the quest for the Orb.
     0 | D:1      | Reached XP level 1. HP: 14/14 MP: 1/1
     0 | D:1      | Noticed a felid
     0 | D:1      | Noticed a felid
     1 | D:1      | Noticed an ogre
     2 | D:1      | Noticed a spriggan
     4 | D:1      | Noticed a demonspawn
     4 | D:1      | Noticed a ghoul
     7 | D:1      | Noticed a ghoul
    11 | D:1      | Noticed a dwarf
    15 | D:1      | Noticed a human
    17 | D:1      | Noticed a barachi
    19 | D:1      | Noticed a draconian
   139 | D:1      | Reached XP level 2. HP: 18/19 MP: 2/2
   279 | D:1      | Found Qajus's General Store.
   316 | D:1      | Found Wem Ips's Weapon Shoppe.
   513 | D:1      | Reached XP level 3. HP: 22/23 MP: 3/3
   566 | D:2      | Noticed Jessica
   581 | D:2      | Gained mutation: You are partially covered in large bone
                  | plates. (SH +4) [potion of mutation]
   581 | D:2      | Gained mutation: Your natural rate of healing is unusually
                  | fast. [potion of mutation]
   585 | D:2      | Engulfed by a cloud of flame

Illustrated notes

Levels and vault maps discovered:
D:1:      shiori_arrival_whats_in_store_for_you, layout_basic, serial_shops,
          nicolae_shop_bloodbath_and_beyond,
          nicolae_shop_competitors_out_of_business
D:2:      layout_basic, uniq_jessica

Action                     || total
---------------------------++-------
  Melee: Flail             ||    75
    Use: Potion            ||     3
         Scroll            ||     2
 Armour: Scale mail        ||    44
  Dodge: Dodged            ||    32
  Block: Buckler           ||    19

Table legend: (Time is in decaauts)
 A = Elapsed time spent in this place.
 B = Non-inter-level travel time spent in this place.
 C = Inter-level travel time spent in this place.
 D = Time resting spent in this place.
 E = Time spent auto-exploring this place.
 F = Levels seen in this place.
 G = Mean time per level.
                   A        B        C        D        E       F      G
               +--------+--------+--------+--------+--------+-----+--------+
         Total |    609 |    601 |      8 |      0 |    407 |   2 |  304.5 |
       Dungeon |    609 |    601 |      8 |      0 |    407 |   2 |  304.5 |
               +--------+--------+--------+--------+--------+-----+--------+

Top non-repeatable levels by time:
     D:1: 588 daAuts
     D:2: 20 daAuts
